 Dungeon Crawl Stone Soup version 0.27.1-34-g3ba077fa99 (webtiles) character file.

Game seed: 136677814974812257

74097 Sharkman1231 the Cleaver (level 15, -10/115 HPs)
             Began as a Demonspawn Venom Mage on Jan 18, 2022.
             Was a High Priest of Vehumet.
             Hit by a large rock thrown by a cyclops (38 damage)
             ... on level 12 of the Dungeon.
             The game lasted 00:28:27 (18807 turns).

Sharkman1231 the Cleaver (Demonspawn Venom Mage)   Turns: 18807, Time: 00:28:28

Health: -10/115    AC: 16    Str: 17    XL:     15   Next: 5%
Magic:  27/27      EV: 18    Int: 24    God:    Vehumet [*****.]
Gold:   1326       SH:  5    Dex: 15    Spells: 9/31 levels left

rFire    . . .     SeeInvis +   b - +10 broad axe of Doubt {vorpal, rN++ SInv}
rCold    . . .     Faith    .   I - +0 buckler
rNeg     + + +     Spirit   .   B - +6 leather armour "Forget-Me-Not" {Rampage rCorr Int+5 SInv}
rPois    .         Reflect  .   (no helmet)
rElec    +         Harm     .   f - +0 cloak
rCorr    +         Rampage  +   k - +0 pair of gloves
Will     ++...                  (boots unavailable)
Stlth    +++.......             o - amulet of regeneration
HPRegen  1.29/turn              p - +4 ring of evasion
MPRegen  0.40/turn              M - ring of Bulenaex {rN+ Str+6 Slay+3}

@: about to teleport
A: talons 3, thin metallic scales 3, demonic guardian 1, magic regeneration,
demonic willpower
a: Renounce Religion


You were on level 12 of the Dungeon.
You worshipped Vehumet.
Vehumet was extremely pleased with you.
You visited 2 branches of the dungeon, and saw 18 of its levels.
You also visited: Ossuary and Bailey.

You collected 1326 gold pieces.

Inventory:

Hand Weapons
 b - the +10 broad axe of Doubt (weapon) {vorpal, rN++ SInv}
   (You acquired it on level 5 of the Dungeon)

   It inflicts extra damage upon your enemies.
   rN:        It greatly protects you from negative energy.
   SInv:      It lets you see invisible.
 O - a +8 broad axe of freezing
Missiles
 e - 5 throwing nets
Armour
 f - a +0 cloak (worn)
 k - a +0 pair of gloves (worn)
 B - the +6 leather armour "Forget-Me-Not" (worn) {Rampage rCorr Int+5 SInv}
   (You found it on level 6 of the Dungeon)

   Int:       It affects your intelligence (+5).
   SInv:      It lets you see invisible.
   rCorr:     It protects you from acid and corrosion.
   Rampage:   It bestows one free step when moving towards enemies.
 I - a +0 buckler (worn)
 N - a +2 ring mail of fire resistance
 V - a +1 scale mail of fire resistance
Jewellery
 a - an amulet of the acrobat
 m - the amulet "Eczit" {RegenMP Int+4}
   (You found it on level 1 of the Lair of Beasts)

   [amulet of magic regeneration]

   It increases your rate of magic regeneration.
   Int:       It affects your intelligence (+4).
 o - an amulet of regeneration (around neck)
 p - a +4 ring of evasion (left hand)
 t - a +6 ring of dexterity
 M - the ring of Bulenaex (right hand) {rN+ Str+6 Slay+3}
   (You acquired it on level 1 of the Lair of Beasts)

   [ring of strength]

   Str:       It affects your strength (+6).
   Slay:      It affects your accuracy & damage with ranged weapons and melee
   (+3).
   rN:        It protects you from negative energy.
 S - an amulet of magic regeneration
 W - a ring of wizardry
 X - a ring of positive energy
Wands
 u - a wand of mindburst (4)
 D - a wand of iceblast (18)
 F - a wand of acid (2)
 H - a wand of flame (9)
 J - a wand of paralysis (15)
 L - a wand of polymorph (8)
Scrolls
 g - 5 scrolls of amnesia
 n - 4 scrolls of blinking
 q - a scroll of holy word
 r - 3 scrolls of enchant armour
 y - 3 scrolls of immolation
 C - a scroll of silence
 E - 3 scrolls of vulnerability {unknown}
 G - 3 scrolls of brand weapon {unknown}
 K - 2 scrolls of fog
 Q - a scroll of magic mapping
 T - a scroll of summoning
 U - 2 scrolls of teleportation
Potions
 c - a potion of magic
 d - 5 potions of curing
 h - 4 potions of cancellation {unknown}
 i - 6 potions of heal wounds
 j - 3 potions of haste {unknown}
 l - 4 potions of resistance
 s - 6 potions of might {unknown}
 v - 4 potions of flight {unknown}
 w - 2 potions of invisibility {unknown}
 x - 3 potions of mutation
 z - 4 potions of berserk rage {unknown}
 A - 8 potions of lignification
 P - a potion of brilliance {unknown}
 R - 2 potions of ambrosia


   Skills:
 - Level 10.0 Fighting
 - Level 1.5 Short Blades
 - Level 12.0 Axes
 - Level 7.0 Armour
 - Level 6.0 Dodging
 - Level 6.0 Stealth
 - Level 4.0 Shields
 + Level 8.5 Spellcasting
 - Level 6.0 Conjurations
 - Level 5.0 Transmutations
 - Level 5.0 Air Magic
 - Level 6.0 Poison Magic
 - Level 11.0 Evocations


You had 9 spell levels left.
You knew the following spells:

 Your Spells              Type           Power      Damage    Failure   Level
a - Sting                 Tmut/Pois      100%       1d8       1%          1
b - Poisonous Vapours     Pois/Air       72%        N/A       1%          2
c - Mephitic Cloud        Conj/Pois/Air  37%        N/A       1%          3
d - Sticky Flame          Conj/Fire      24%        2d5       6%          4
e - Orb of Destruction    Conj           19%        9d9       75%         7
f - Freezing Cloud        Conj/Ice/Air   13%        6-21      12%         5

Your spell library contained the following spells:

 Spells                   Type           Power      Damage    Failure   Level
 Beastly Appendage        Tmut           68%        N/A       1%          1
 Static Discharge         Conj/Air       36%        N/A       1%          2
 Wereblood                Tmut           34%        N/A       1%          2
 Stone Arrow              Conj/Erth      48%        3d10      1%          3
 Olgreb's Toxic Radiance  Pois           39%        N/A       1%          4
 Spider Form              Tmut/Pois      18%        N/A       2%          3
 Blink                    Tloc           N/A        N/A       11%         2
 Lesser Beckoning         Tloc           5%         N/A       22%         3
 Ozocubu's Armour         Ice            10%        N/A       22%         3
 Bolt of Magma            Conj/Fire/Erth 9%         4d7       22%         5
 Blade Hands              Tmut           17%        N/A       26%         5
 Animate Armour           Summ/Erth      20%        N/A       58%         4
 Animate Dead             Necr           5%         N/A       58%         4
 Dispel Undead            Necr           10%        3d9       58%         4
 Summon Ice Beast         Ice/Summ       10%        N/A       58%         4
 Iron Shot                Conj/Erth      12%        9d3       58%         6
 Borgnjor's Vile Clutch   Necr/Erth      5%         N/A       90%         5
 Manifold Assault         Tloc           10%        N/A       90%         5
 Summon Mana Viper        Hex/Summ       10%        N/A       90%         5
 Death Channel            Necr           5%         N/A       100%        6
 Monstrous Menagerie      Summ           5%         N/A       100%        7
 Ozocubu's Refrigeration  Ice            5%         4d6       100%        7
 Shatter                  Erth           5%         3d8*      100%        9


Dungeon Overview and Level Annotations

Branches:
Dungeon (12/15)            Temple (0/1) D:7            Lair (6/6) D:9
 Shoals (0/4) Lair:2        Snake (0/4) Lair:3        Slime (0/5) Lair:6
    Orc (0/2) D:10        Ossuary (visited)          Bailey (visited)

Altars:
Ashenzari
Dithmenos
Makhleb
Qazlal
Sif Muna
Trog
Uskayaw
Vehumet
Wu Jian
Xom
Yredelemnul
Zin
The Shining One
Beogh
Jiyva

Shops:
D:12 (

Annotations:
D:5 2 transporters, zeram's ghost, novice GrFi
Lair:1 exclusion: hydra


Innate Abilities, Weirdness & Mutations

You have claws for feet.
You are completely covered in thin metallic scales. (AC +4, rElec)
A weak demonic guardian rushes to your aid.
You regenerate magic rapidly.
You punish those that try to bend your will. (Will+)


Message History

A boulder beetle is nearby!
A boulder beetle is nearby!
A two-headed ogre comes into view. It is wielding two +0 giant clubs.
Found an escape hatch in the floor.
The two-headed ogre shouts in stereo!
You rampage towards the boulder beetle!
A cyclops comes into view.
The two-headed ogre hits you with a +0 giant club.
The two-headed ogre hits you but does no damage.
You hit the two-headed ogre.
The two-headed ogre is lightly wounded.
The two-headed ogre hits you with a +0 giant club!!
The two-headed ogre hits you with a +0 giant club.
The cyclops throws a large rock.
The large rock closely misses you.
You slash the two-headed ogre!
The two-headed ogre is moderately wounded.
You slash the boulder beetle!
The boulder beetle bites you but does no damage.
The two-headed ogre misses you.
The two-headed ogre completely misses you.
You hit the two-headed ogre.
The two-headed ogre is moderately wounded.
You barely miss the boulder beetle. The boulder beetle closely misses you.
The cyclops throws a large rock.
The large rock hits you!! The two-headed ogre barely misses you.
You block the two-headed ogre's attack.
You are too injured to fight recklessly!
You are too injured to fight recklessly!
Unknown command.
As you read the scroll of teleportation, it crumbles to dust.
You feel strangely unstable. The boulder beetle closely misses you.
The cyclops throws a large rock.
The large rock hits you!!
You slice the two-headed ogre!!
You kill the two-headed ogre!
Vehumet accepts your kill.
You hit the boulder beetle but do no damage.
The boulder beetle bites you!
* * * LOW HITPOINT WARNING * * *
A demonic guardian appears!
The cyclops throws a large rock.
The large rock hits you!!!
You die...

......## ......# ......#
#### ......# ##...#
......#### .....#
.........########.....##
................4.......
.................)......
........8.......@B......
........................
......8.<.8........>....
........................
........∩............C..
..................#.....
......8.>.8..#...###....
......#......##.## ..#.
........8###.#


You could see a boulder beetle (ally target), a cyclops and a friendly rust
devil (summoned).

Vanquished Creatures
  A dire elephant (Lair:6)
  Josephine (Lair:5)
  6 hydras
  An ogre mage (D:12)
  Erica (D:11)
  Harold (D:11)
  7 two-headed ogres
  A catoblepas (Lair:6)
  13 death yaks
  Nergalle (Lair:4)
  3 lindwurms (Lair:6)
  Pikel (D:7)
  4 oklob plants (Lair:1)
  3 cyclopes
  3 manticores
  17 elephants
  2 merfolk sirens (Lair:2)
  A salamander (Lair:4)
  7 black mambas
  A torpor snail (Lair:6)
  5 rime drakes
  25 cane toads
  3 kobold demonologists
  7 komodo dragons
  2 merfolk (Lair:2)
  3 meliai (Lair:5)
  2 hornets (D:9)
  4 polar bears
  17 blink frogs
  16 dream sheep
  8 wraiths
  A spriggan (Lair:2)
  3 wyverns
  A fire elemental (Lair:4)
  47 yaks
  3 basilisks
  2 steam dragons
  20 water moccasins
  14 orc warriors
  2 black bears
  A sky beast (D:4)
  A necrophage (D:8)
  20 wolves
  5 ogres
  7 centaurs
  3 kobold brigands
  A lemure (D:7)
  15 bullfrogs
  A gnoll sergeant (D:7)
  A scorpion (D:7)
  10 killer bees
  9 wights
  4 electric eels
  A lava snake (Lair:4)
  A howler monkey (D:6)
  4 centaur zombies
  3 bullfrog skeletons
  3 human zombies (Ossuary)
  Crazy Yiuf (D:5)
  2 hounds
  A jelly (D:8)
  A gnoll shaman (D:5)
  4 orc priests
  3 iguanas (D:6)
  7 orc wizards
  3 killer bee zombies
  A hound skeleton (D:4)
  5 mummies (Ossuary)
  A howler monkey zombie (D:8)
  19 gnolls
  5 adders
  2 white imps
  An ufetubus (D:4)
  A worm (D:2)
  51 orcs
  7 ball pythons
  5 bats
  7 endoplasms
  5 giant cockroaches
  9 goblins
  12 hobgoblins
  3 jackals (D:4)
  3 quokkas
  2 frilled lizards
  3 gnoll zombies (Ossuary)
  A hobgoblin zombie (Ossuary)
  23 kobolds
  6 rats
  A fire vortex (Lair:4)
545 creatures vanquished.

Vanquished Creatures (collateral kills)
  An elephant (Lair:6)
  A queen bee (Lair:5)
  A killer bee (Lair:5)
  2 hobgoblins (D:4)
5 creatures vanquished.

Vanquished Creatures (others)
  37 fungi
  68 plants
105 creatures vanquished.

Grand Total: 655 creatures vanquished

Notes
Turn   | Place    | Note
-------+----------+-------------------------------------------
     0 | D:1      | Sharkman1231 the Demonspawn Venom Mage began the quest for
                  | the Orb.
     0 | D:1      | Reached XP level 1. HP: 13/13 MP: 3/3
    30 | D:1      | Reached skill level 1 in Transmutations
   323 | D:1      | Gained mutation: You regenerate magic rapidly. [demonic
                  | ancestry]
   323 | D:1      | Reached XP level 2. HP: 20/20 MP: 3/5
   650 | D:1      | Reached skill level 1 in Fighting
   829 | D:1      | Learned a level 2 spell: Poisonous Vapours
   902 | D:2      | Gained mutation: You have sharp toenails. [demonic
                  | ancestry]
   902 | D:2      | Reached XP level 3. HP: 11/26 MP: 1/6
  1172 | D:2      | Learned a level 3 spell: Mephitic Cloud
  1990 | D:2      | Found a faded altar of an unknown god.
  2494 | D:3      | Reached XP level 4. HP: 31/32 MP: 0/7
  2774 | D:3      | Found a burning altar of Makhleb.
  2775 | D:3      | Noticed a balrug
  2775 | D:3      | Noticed an angel
  3518 | D:3      | Reached skill level 1 in Conjurations
  3518 | D:3      | Reached skill level 1 in Air Magic
  3518 | D:3      | Gained mutation: A weak demonic guardian rushes to your
                  | aid. [demonic ancestry]
  3518 | D:3      | Reached XP level 5. HP: 35/38 MP: 1/8
  3817 | D:4      | Reached skill level 1 in Short Blades
  3920 | D:4      | Noticed a sky beast
  3966 | D:4      | Killed a sky beast
  4058 | D:4      | Found a radiant altar of Vehumet.
  4069 | D:4      | Became a worshipper of Vehumet
  4343 | D:4      | Gained mutation: You are partially covered in thin metallic
                  | scales. (AC +2) [demonic ancestry]
  4343 | D:4      | Reached XP level 6. HP: 32/44 MP: 2/9
  4724 | D:5      | Entered Level 5 of the Dungeon
  4797 | D:5      | Found a transporter.
  4844 | D:5      | Noticed zeram's ghost (novice GrFi)
  4847 | D:5      | Identified a scroll of acquirement
  4847 | D:5      | Acquired the +10 broad axe of Doubt {vorpal, rN++ SInv}
  4978 | D:5      | Found a transporter.
  5005 | D:5      | Found a sand-covered staircase.
  5013 | Ossuary  | Entered an ossuary
  5124 | Ossuary  | Reached skill level 1 in Axes
  5186 | Ossuary  | Reached XP level 7. HP: 51/51 MP: 10/10
  5654 | D:5      | Reached skill level 2 in Axes
  5727 | D:5      | Reached * piety under Vehumet
  5727 | D:5      | Offered knowledge of Shock by Vehumet.
  5821 | D:5      | Found a shimmering altar of Xom.
  5821 | D:5      | Found a broken altar of Ashenzari.
  6170 | D:5      | Found a runed translucent door.
  6171 | D:5      | Noticed Crazy Yiuf
  6180 | D:5      | Killed Crazy Yiuf
  6277 | D:6      | Identified the +6 leather armour "Forget-Me-Not" {Rampage
                  | rCorr Int+5 SInv}
  6436 | D:6      | Found an ornate altar of the Wu Jian Council.
  6673 | D:6      | Gained mutation: You are mostly covered in thin metallic
                  | scales. (AC +3) [demonic ancestry]
  6673 | D:6      | Reached XP level 8. HP: 58/58 MP: 11/11
  6955 | D:6      | Reached skill level 3 in Axes
  7218 | D:7      | Found a staircase to the Ecumenical Temple.
  7237 | D:7      | Found a transporter.
  7239 | D:7      | Noticed a boulder beetle
  7538 | D:7      | Found a transporter.
  7818 | D:7      | Noticed Pikel
  7830 | D:7      | Killed Pikel
  7831 | D:7      | Reached skill level 4 in Axes
  7831 | D:7      | Reached skill level 5 in Poison Magic
  8024 | D:7      | Found a basalt altar of Yredelemnul.
  8032 | D:7      | Found a faded altar of an unknown god.
  8034 | D:7      | Found a stormy altar of Qazlal.
  8049 | D:7      | Found a bloodstained altar of Trog.
  8240 | D:7      | Gained mutation: You have razor-sharp toenails. [demonic
                  | ancestry]
  8240 | D:7      | Reached XP level 9. HP: 51/65 MP: 12/12
  8342 | D:8      | Reached ** piety under Vehumet
  8342 | D:8      | Offered knowledge of Searing Ray by Vehumet.
  8751 | D:8      | Reached skill level 5 in Axes
  9180 | D:9      | Reached skill level 1 in Shields
  9203 | D:9      | Reached skill level 5 in Stealth
  9240 | D:9      | Found a staircase to the Lair.
  9240 | D:9      | Noticed an elephant
  9247 | D:9      | Noticed a two-headed ogre
  9265 | D:9      | Gained mutation: You are completely covered in thin
                  | metallic scales. (AC +4, rElec) [demonic ancestry]
  9265 | D:9      | Reached XP level 10. HP: 73/73 MP: 11/13
  9270 | D:9      | Killed an elephant
  9271 | D:9      | Reached skill level 5 in Fighting
  9279 | D:9      | Killed a two-headed ogre
  9300 | D:9      | Offered knowledge of Dazzling Flash by Vehumet.
  9447 | D:9      | Noticed a two-headed ogre
  9460 | D:9      | Killed a two-headed ogre
  9461 | D:9      | Reached skill level 6 in Axes
  9461 | D:9      | Reached skill level 5 in Conjurations
  9461 | D:9      | Reached skill level 5 in Transmutations
  9487 | D:9      | Found a shadowy altar of Dithmenos.
  9688 | D:9      | Noticed a manticore
  9754 | D:9      | Killed a manticore
 10003 | Lair:1   | Entered Level 1 of the Lair of Beasts
 10008 | Lair:1   | Noticed a black mamba
 10012 | Lair:1   | Killed a black mamba
 10014 | Lair:1   | Noticed a cane toad
 10031 | Lair:1   | Acquired the ring of Bulenaex {rN+ Str+6 Slay+3}
 10155 | Lair:1   | Reached skill level 5 in Air Magic
 10155 | Lair:1   | Gained mutation: You have claws for feet. [demonic
                  | ancestry]
 10155 | Lair:1   | Reached XP level 11. HP: 81/81 MP: 14/14
 10331 | Lair:1   | Reached skill level 7 in Axes
 10352 | Lair:1   | Reached *** piety under Vehumet
 10353 | Lair:1   | Reached skill level 5 in Dodging
 10658 | Lair:1   | Noticed a seven-headed hydra
 10998 | Lair:1   | Noticed an oklob plant
 10999 | Lair:1   | Noticed an oklob plant
 11000 | Lair:1   | Noticed an oklob plant
 11001 | Lair:1   | Noticed an oklob plant
 11011 | Lair:1   | Offered knowledge of Conjure Flame by Vehumet.
 11313 | Lair:2   | Reached skill level 1 in Evocations
 11421 | Lair:2   | Reached skill level 5 in Evocations
 11855 | Lair:2   | Reached XP level 12. HP: 89/89 MP: 15/15
 11862 | Lair:2   | Found a staircase to the Shoals.
 11887 | Lair:2   | Reached **** piety under Vehumet
 11889 | Lair:2   | Offered knowledge of Lightning Bolt by Vehumet.
 12322 | Lair:3   | Noticed a death yak
 12535 | Lair:1   | Identified the amulet "Eczit" {RegenMP Int+4}
 12716 | Lair:3   | Noticed a seven-headed hydra
 12739 | Lair:3   | Noticed a death yak
 12739 | Lair:3   | Noticed a death yak
 12776 | Lair:2   | Killed a death yak
 12777 | Lair:2   | Reached skill level 10 in Evocations
 12821 | Lair:2   | Killed a death yak
 12823 | Lair:2   | Killed a death yak
 12977 | Lair:3   | Killed a seven-headed hydra
 12978 | Lair:3   | Reached skill level 8 in Axes
 12978 | Lair:3   | Reached skill level 1 in Armour
 13113 | Lair:3   | Found a staircase to the Snake Pit.
 13348 | Lair:4   | Noticed a seven-headed hydra
 13375 | Lair:4   | Noticed a four-headed hydra
 13383 | Lair:4   | Noticed Nergalle
 13384 | Lair:4   | Reached ***** piety under Vehumet
 13384 | Lair:4   | Offered knowledge of Sticky Flame by Vehumet.
 13552 | Lair:4   | Killed Nergalle
 13579 | Lair:4   | Reached XP level 13. HP: 79/96 MP: 16/16
 13651 | Lair:4   | Reached skill level 9 in Axes
 13911 | Lair:4   | Found a shimmering blue altar of Sif Muna.
 13992 | Lair:4   | Learned a level 4 spell: Sticky Flame
 14632 | Lair:5   | Reached skill level 10 in Axes
 15040 | Lair:5   | Noticed Josephine
 15424 | Lair:5   | Reached skill level 5 in Armour
 15424 | Lair:5   | Killed Josephine
 15424 | Lair:5   | Offered knowledge of Orb of Destruction by Vehumet.
 15443 | Lair:5   | Learned a level 7 spell: Orb of Destruction
 15589 | Lair:6   | Entered Level 6 of the Lair of Beasts
 15730 | Lair:6   | Gained mutation: You punish those that try to bend your
                  | will. (Will+) [demonic ancestry]
 15730 | Lair:6   | Reached XP level 14. HP: 78/106 MP: 20/20
 15793 | Lair:6   | Found a staircase to the Slime Pits.
 15801 | Lair:6   | Found a viscous altar of Jiyva.
 15855 | Lair:6   | Reached skill level 11 in Axes
 16208 | Lair:6   | Reached skill level 5 in Spellcasting
 17165 | D:10     | Entered Level 10 of the Dungeon
 17172 | D:10     | Reached skill level 12 in Axes
 17224 | D:10     | Offered knowledge of Freezing Cloud by Vehumet.
 17238 | D:10     | Reached skill level 10 in Fighting
 17245 | D:10     | Found a staircase to the Orcish Mines.
 17267 | D:10     | Learned a level 5 spell: Freezing Cloud
 17702 | D:10     | Found a hide-covered altar of Uskayaw.
 17824 | D:11     | Noticed Erica
 17835 | D:11     | Killed Erica
 17844 | D:11     | Noticed Harold
 17846 | D:11     | Found a flagged portal.
 17859 | D:11     | Killed Harold
 17885 | Bailey   | Entered a bailey
 18688 | D:12     | Found Roine's Weapon Shoppe.
 18729 | D:12     | Reached XP level 15. HP: 115/115 MP: 27/27
 18807 | D:12     | Hit by a large rock thrown by a cyclops

Illustrated notes

Levels and vault maps discovered:
D:1:      evilmike_arrival_plus, layout_basic
D:2:      minmay_general_purpose_star, layout_basic,
          hellmonk_ecumenical_altar_defaced_shrine
D:3:      layout_loops_ring, grunt_temple_overflow_order_and_chaos_2,
          chequers_serial_rivers_marsh, nrook_uturn, hex_large, st_stairs_9
D:4:      layout_rooms, mainiacjoe_overflow_24_doors
D:5:      layout_basic, chequers_temple_overflow_statue_of_worship,
          lightli_ossuary_entry_decrepit_ruins, gammafunk_ghost_arena,
          uniq_crazy_yiuf_cottage
D:6:      layout_basic, nicolae_wu_jian_immortal_techniques, minivault_27,
          amethyst_killhole, kennysheep_donut
D:7:      gammafunk_steamed_eel, layout_basic,
          chequers_temple_overflow_minitemple, lemuel_temple_firewalk_b,
          uniq_pikel
D:8:      minmay_recursive_quarters, layout_gridville
D:9:      layout_gridville, nicolae_dithmenos_through_a_glass_darkly,
          david_lair_generic, hangedman_decor_peaks_small,
          kennysheep_generic_room_6
D:10:     layout_cave_pools, nicolae_uskayaw_suspiria, david_orc_5
D:11:     layout_roguey, enter_bailey_6, uniq_erica, uniq_harold
D:12:     layout_cross, serial_shops, nicolae_stop_n_shop_2, grunt_ministairs_7,
          nicolae_straight_to_the_point
Lair:1:   layout_layer_cave, minmay_lair_oklob_chamber,
          infiniplex_staircase_pool_2, lemuel_fruit_tree, grunt_megastairs_3
Lair:2:   wad_woods_04, layout_misc_corridors, elwin_shoals_entry_stream
Lair:3:   layout_cave_shapes, dummy_snake_entry, chequers_serial_rivers_marsh
Lair:4:   layout_gridlike, basic_altar, grunt_megastairs_2, uniq_nergalle
Lair:5:   layout_cave_pods, special_room [special_room_bee],
          serial_bayou_lagoon_a, uniq_josephine
Lair:6:   hangedman_lair_in_review, layout_hall_layers, slime_altar_1

Skill      XL: |  1  2  3  4  5  6  7  8  9 10 11 12 13 14 |
---------------+-------------------------------------------+-----
Transmutations | 1 2 3 4 5 |  5.0
Fighting       | 1 2 3 4 5 6 7 8 10 | 10.0
Stealth        | 2 3 4 5 6 |  6.0
Conjurations   | 1 2 3 4 5 6 |  6.0
Air Magic      | 1 2 3 4 5 |  5.0
Short Blades   | 1 |  1.5
Poison Magic   | 4 5 6 |  6.0
Axes           | 1 2 4 5 6 7 8 10 12 | 12.0
Dodging        | 2 3 4 5 6 |  6.0
Shields        | 1 3 4 |  4.0
Evocations     | 7 11 | 11.0
Armour         | 2 5 7 |  7.0
Spellcasting   | 4 8 |  8.5

Action                   |  1- 3 |  4- 6 |  7- 9 | 10-12 | 13-15 || total
-------------------------+-------+-------+-------+-------+-------++-------
Melee: Short sword       |    18 |    54 |       |       |       ||    72
       Unarmed           |     1 |       |       |       |       ||     1
       Kick              |     3 |    21 |    56 |    93 |   154 ||   327
       Broad axe         |       |    27 |   196 |   347 |   506 ||  1076
       Quarterstaff      |       |     9 |       |       |       ||     9
 Cast: Sting             |    52 |    61 |    27 |     6 |    31 ||   177
       Poisonous Vapours |    13 |    20 |     8 |     5 |     3 ||    49
       Mephitic Cloud    |       |       |     6 |     8 |    16 ||    30
       Sticky Flame      |       |       |       |       |     7 ||     7
Evoke: Wand              |       |     9 |     4 |    13 |    17 ||    43
  Use: Scroll            |       |     5 |     4 |     8 |    13 ||    30
       Potion            |       |       |       |       |     1 ||     1
 Stab: Sleeping          |     1 |     8 |     8 |     8 |     9 ||    34
       Confused          |       |       |     2 |    10 |    11 ||    23
       Distracted        |       |       |     1 |     2 |       ||     3
       Paralysed         |       |       |       |       |     6 ||     6
Armor: Robe              |     4 |    23 |     4 |       |       ||    31
       Leather armour    |       |       |    80 |   121 |   201 ||   402
Dodge: Dodged            |    21 |   120 |   197 |   301 |   522 ||  1161
Block: Buckler           |       |       |       |    65 |   141 ||   206
